 Dungeon Crawl Stone Soup version 0.23.2-40-g277498a001 (webtiles) character file.

Game seed: 8162102456884374442

476 EWolf27 the Sneak (level 6, -1/28 HPs)
             Began as a Spriggan Enchanter on Oct 19, 2019.
             Was an Initiate of Gozag.
             Hit by a stone thrown by an orc (3 damage)
             ... on level 4 of the Dungeon.
             The game lasted 00:34:12 (8461 turns).

EWolf27 the Sneak (Spriggan Enchanter)              Turns: 8461, Time: 00:34:12

Health: -1/28      AC:  2    Str:  7    XL:     6   Next: 84%
Magic:  13/13      EV: 34    Int: 18    God:    Gozag
Gold:   619        SH:  0    Dex: 16    Spells: 7/13 levels left

rFire    . . .     SeeInvis +   a - +0 dagger (venom)
rCold    . . .     Gourm    .   (shield restricted)
rNeg     . . .     Faith    .   b - +0 robe
rPois    .         Spirit   .   (helmet restricted)
rElec    .         Reflect  .   (no cloak)
rCorr    .         Harm     .   (gloves unavailable)
MR       ++...                  (boots unavailable)
Stlth    ++++......             n - amulet of the acrobat
HPRegen  0.09/turn              j - ring of protection from magic
MPRegen  0.13/turn              o - +2 ring of strength

@: acrobat, very quick
A: very small, unfitting armour, see invisible, herbivore, speed 3, slow
metabolism 2
a: Potion Petition, Call Merchant, Bribe Branch, Renounce Religion


You were on level 4 of the Dungeon.
You worshipped Gozag.
Gozag was pleased with you.
You were hungry.

You visited 1 branch of the dungeon, and saw 4 of its levels.

You collected 627 gold pieces.
You paid 8 gold pieces to Gozag.

Inventory:

Hand Weapons
 a - a +0 dagger of venom (weapon)
 q - a +1 dagger
Missiles
 e - 64 stones (quivered)
Armour
 b - a +0 robe (worn)
Jewellery
 j - a ring of protection from magic (left hand)
 l - an uncursed ring of resist corrosion
 n - an amulet of the acrobat (around neck)
 o - a +2 ring of strength (right hand)
Wands
 p - a wand of polymorph (7)
Scrolls
 c - 4 scrolls of teleportation
 f - a scroll of identify
 r - a scroll of noise {unknown}
Potions
 g - a potion of resistance {unknown}
 h - a potion of brilliance {unknown}
 i - a potion of ambrosia {unknown}
 k - 2 potions of heal wounds
 s - 2 potions of might {unknown}
 t - 4 potions of curing
 u - a potion of magic {unknown}
Comestibles
 d - 4 rations


   Skills:
 * Level 5.0 Short Blades
 - Level 3.5 Dodging
 + Level 6.8 Stealth
 + Level 4.4 Spellcasting
 + Level 5.0 Hexes


You had 7 spell levels left.
You knew the following spells:

 Your Spells              Type           Power        Failure   Level  Hunger
a - Corona                Hex            ###....      1%          1    None
b - Ensorcelled Hibernat  Hex/Ice        ##....       8%          2    ##.....
c - Confuse               Hex            ###.....     5%          3    ###....

Your spell library contained the following spells:

 Spells                   Type           Power        Failure   Level  Hunger
 Tukima's Dance           Hex            ###.....     5%          3    ###....
 Dazzling Spray           Conj/Hex       ##....       16%         3    ###....


Dungeon Overview and Level Annotations

Branches:
Dungeon (4/15)
 Temple: D:4-7

Altars:
Ashenzari
Gozag
Uskayaw
The Shining One


Innate Abilities, Weirdness & Mutations

You are very small and have problems with some larger weapons.
You are too small for most types of armour.
You have supernaturally acute eyesight. (SInv)
You are a herbivore.
You cover ground extremely quickly.
You need to consume almost no food.


Message History

The orc wizard looks as sick as possible!
The orc wizard is lightly wounded.
The orc wizard mumbles some strange words.
The orc wizard seems to speed up.
You hit the orc wizard but do no damage.
The orc wizard looks as sick as possible!
The orc wizard is heavily wounded.
The orc wizard gestures at you while chanting.
The puff of flame hits you. The orc wizard casts a spell at you.
The magic dart hits you!
There is a stone staircase leading up here.
The orc wizard casts a spell at you. The puff of flame misses you.
The orc wizard casts a spell at you. The puff of flame hits you!
* * * LOW HITPOINT WARNING * * *
The orc throws a stone.
The stone hits you.
You die...
Your body crumbles into a pile of gold.

# #.#...# #...# #.#≈ #
#.#.#.###.#.#### #..# #
#.#.#.....#....# #..#
#.#.##########.# ########...
#.#.# #.# #.......... #...# #.#
#.######.## ##..# ######.# #.#
#.# #..#####....#.# #.# #.#
#..#.........@# #.# #.#
####....##.##.##.######.# #.##
........#......#<.......# #...
####....#...#....#####..# ####
####.####...####.(......########
......⌠.##'##.⌠#.o####.........#
#....#.........o....##########.#
#.####........#...#.# #####.##
#.#...#.......#...#.# #.......


You could see an orc wizard and an orc.

Vanquished Creatures
  An ogre (D:4)
  A scorpion (D:4)
  A howler monkey (D:4)
  A jelly (D:4)
  3 orc wizards (D:3)
  Ijyb (D:3)
  A worker ant (D:4)
  Robin (D:3)
  3 adders
  An adder skeleton (D:4)
  A worm (D:3)
  7 leopard geckos
  9 orcs
  7 bats
  6 giant cockroaches
  11 goblins
  7 hobgoblins
  5 jackals
  A quokka (D:3)
  A ball python (D:1)
  6 frilled lizards
  9 kobolds
  A quokka zombie (D:2)
  4 rats (D:1)
89 creatures vanquished.

Notes
Turn   | Place    | Note
-------+----------+-------------------------------------------
     0 | D:1      | EWolf27 the Spriggan Enchanter began the quest for the Orb.
     0 | D:1      | Reached XP level 1. HP: 9/9 MP: 5/5
   609 | D:1      | Reached XP level 2. HP: 13/13 MP: 6/6
   841 | D:1      | Learned a level 2 spell: Ensorcelled Hibernation
  1511 | D:2      | Found an opulent altar of Gozag.
  1511 | D:2      | Found a hide-covered altar of Uskayaw.
  1516 | D:2      | Became a worshipper of Gozag Ym Sagoz the Greedy
  2149 | D:2      | Reached skill level 5 in Stealth
  3445 | D:3      | Reached XP level 3. HP: 16/16 MP: 8/8
  3836 | D:3      | Noticed Ijyb
  3914 | D:3      | Killed Ijyb
  4013 | D:3      | Reached XP level 4. HP: 21/21 MP: 9/9
  4020 | D:3      | Found a glowing golden altar of the Shining One.
  4712 | D:3      | Learned a level 3 spell: Confuse
  4757 | D:3      | Reached XP level 5. HP: 24/24 MP: 7/11
  5046 | D:4      | Found a shattered altar of Ashenzari.
  5603 | D:4      | Reached skill level 6 in Stealth
  5803 | D:4      | Noticed an ogre
  5821 | D:4      | Reached XP level 6. HP: 27/28 MP: 12/12
  7499 | D:3      | Reached skill level 5 in Short Blades
  7570 | D:3      | Noticed Robin
  7976 | D:3      | Reached skill level 5 in Hexes
  8166 | D:3      | Killed Robin
  8461 | D:4      | Hit by a stone thrown by an orc

Skill      XL: |  1  2  3  4  5  6 |
---------------+-------------------+-----
Short Blades   | 2 3 4 5 |  5.0
Stealth        | 5 6 |  6.8
Spellcasting   | 3 4 |  4.4
Hexes          | 4 5 |  5.0
Dodging        | |  3.5

Action                   |  1- 3 |  4- 6 || total
-------------------------+-------+-------++-------
Melee: Dagger            |   100 |   167 ||   267
Throw: Stone             |     2 |       ||     2
 Cast: Corona            |     6 |       ||     6
       Ensorcelled Hiber |     8 |    32 ||    40
  Use: Scroll            |     3 |     2 ||     5
 Stab: Sleeping          |    13 |    15 ||    28
       Distracted        |     2 |     3 ||     5
  Eat: Ration            |     1 |     2 ||     3
Armor: Robe              |     5 |     8 ||    13
Dodge: Dodged            |    67 |   149 ||   216
